 Dungeon Crawl Stone Soup version 0.19.0-20-gbc5f0c6 (webtiles) character file.

40 GlenndL the Insei (level 3, 0/23 HPs)
             Began as an Octopode Transmuter on Nov 17, 2016.
             Succumbed to an adder's poison
             ... on level 2 of the Dungeon.
             The game lasted 00:05:37 (1234 turns).

GlenndL the Insei (Octopode Transmuter)             Turns: 1234, Time: 00:05:38

Health: 0/23       AC:  1    Str:  9    XL:     3   Next: 50%
Magic:  6/6        EV: 13    Int: 16    God:
Gold:   97         SH:  0    Dex: 12    Spells: 1 memorised, 5 levels left

rFire  . . .     SeeInvis .     h - +0 dagger
rCold  . . .     Gourm    .     (no shield)
rNeg   . . .     Faith    .     (helmet restricted)
rPois  .         Spirit   .     (no amulet)
rElec  .         Reflect  .     (no ring)
rCorr  .         Harm     .     (no ring)
MR     .....                    (no ring)
Stlth  +++.......               (no ring)
                                (no ring)
                                (no ring)
                                (no ring)
                                (no ring)

@: lethally poisoned (0 -> -7)
A: almost no armour, stealthy swim, amphibious, 8 rings, constrict 8, camouflage
1, gelatinous body 1
a: no special abilities


You were on level 2 of the Dungeon.
You were very hungry.

You visited 1 branch of the dungeon, and saw 2 of its levels.

You collected 97 gold pieces.

Inventory:

Hand Weapons
 h - a +0 dagger (weapon)
Missiles
 a - 12 arrows
Armour
 j - a +2 large shield
 n - a cursed +0 pair of boots
Scrolls
 d - a scroll of blinking {unknown}
 e - a scroll of recharging {unknown}
 g - a scroll of fog {unknown}
 k - a scroll of immolation {unknown}
 l - a scroll of amnesia {unknown}
Potions
 i - 3 potions of curing {unknown}
 m - a potion of heal wounds {unknown}
Books
 b - a book of Changes

   Spells                             Type                      Level
   a - Beastly Appendage              Transmutation                1
   b - Sticks to Snakes               Transmutation                2
   c - Spider Form                    Transmutation/Poison         3
   d - Ice Form                       Ice/Transmutation            4
   e - Blade Hands                    Transmutation                5
Comestibles
 c - 3 bread rations
 f - 3 meat rations


   Skills:
 + Level 1.1 Fighting
 * Level 0.4 Short Blades
 + Level 2.2 Dodging
 + Level 1.3 Stealth
 + Level 3.5 Unarmed Combat
 + Level 2.3 Spellcasting
 + Level 2.2 Transmutations


You had 5 spell levels left.
You knew the following spells:

 Your Spells              Type           Power        Failure   Level  Hunger
a - Beastly Appendage     Tmut           #.....       10%         1    #......


Dungeon Overview and Level Annotations

Branches:
Dungeon (2/15)

Altars:


Innate Abilities, Weirdness & Mutations

You cannot wear most types of armour.
You are very stealthy in the water. (Stealth+)
You are amphibious.
You can wear up to eight rings at the same time.
You can use your tentacles to constrict eight enemies at once.
Your skin changes colour to match your surroundings (Stealth+).
Your rubbery body absorbs attacks. (AC +1, EV +1)


Message History

The adder is lightly wounded.
You constrict the adder.
* * * LOW HITPOINT WARNING * * *
You feel sick. The adder barely misses you. The adder bites you.
* * * LOW HITPOINT WARNING * * *
You hit the adder.
The adder is heavily wounded.
You constrict the adder, but do no damage.
The adder barely misses you.
Your magical contamination has completely faded away.
You barely miss the adder.
The adder is heavily wounded.
You constrict the adder.
* * * LOW HITPOINT WARNING * * *
You feel sick. The adder barely misses you.
You barely miss the adder.
The adder is severely wounded.
You constrict the adder.
You kill the adder!
You die...

#.#.................
#...#....>.......##.
..#..........# . .
#............# . ..
####..#.........# .
....##...............#
.
....#..).............#
...................###
...#..(@...........#
.......)...........#
...#...............# .
.#...............#
?................##
#####.....#.....##
#############


There were no monsters in sight!

Vanquished Creatures
  An adder (D:2)
  A dart slug (D:1)
  A ball python (D:2)
  2 giant cockroaches (D:1)
  5 goblins
  3 hobgoblins
  3 kobolds
  A quokka (D:2)
  2 bats
  2 frilled lizards (D:1)
  7 rats
28 creatures vanquished.

Notes
Turn   | Place    | Note
-------+----------+-------------------------------------------
     0 | D:1      | GlenndL the Octopode Transmuter began the quest for the Orb.
     0 | D:1      | Reached XP level 1. HP: 13/13 MP: 3/3
   135 | D:1      | Reached XP level 2. HP: 7/18 MP: 1/5
  1102 | D:2      | Reached XP level 3. HP: 17/23 MP: 3/6
  1137 | D:2      | Reached skill level 1 in Stealth
  1232 | D:2      | HP: 1/23 [poisoned by an adder]
  1234 | D:2      | Succumbed to an adder's poison

Skill      XL: |  1  2  3 |
---------------+----------+-----
Stealth        | 1 |  1.3
Fighting       | |  1.1
Short Blades   | |  0.4
Dodging        | |  2.2
Unarmed Combat | |  3.5
Spellcasting   | |  2.3
Transmutations | |  2.2

Action                   || total
-------------------------++-------
Melee: Unarmed           ||    35
       Constrict         ||    18
       Tentacles         ||     4
       Kick              ||     4
       Dagger            ||    39
       Punch             ||     1
 Cast: Beastly Appendage ||     6
 Stab: Sleeping          ||     1
Armor: Skin              ||     7
Dodge: Dodged            ||    75
Block: Large shield      ||     5
